[Event "SELL Games"]
[Site "Tartu, Estonia"]
[Date "2023.05.20"]
[Round "6.7"]
[White "Piksis, Davids"]
[Black "Maciuityte, Greta"]
[Result "1-0"]
[TimeControl "15min + 10sec per move each"]
[WhiteFideId "11609117"]
[BlackFideId "12806765"]
[WhiteElo "1770"]
[BlackElo "1715"]

1. c4 g6 2. d4 Bg7 3. e4 d6 4. Nc3 Nf6 5. Nf3 O-O 6. g3 Nc6 7. Bg2 Bg4 8. h3 Bxf3 9. Bxf3 Qd7 10.
Bg2 Ne8 11. Be3 f5 12. O-O Nf6 13. Kh2 Rab8 14. Qd2 e5 15. d5 Nd4 16. f4 c5 17. dxc6 bxc6 18. b3 fxe4 19. fxe5 dxe5 20.
Nxe4 Nxe4 21. Bxe4 c5 22. Kg2 Rbd8 23. Qd3 Nf5 24. Bd5+ Kh8 25. Bxc5 Rf6 26. Rae1 Qc7 27. Bb4 Ra6 28.
Rf2 Re8 29. Bc3 Rd6 30. Rfe2 Rdd8 31. Re4 Qd6 32. Qe2 Re7 33. Bxe5 Bxe5 34. Rxe5 Rxe5 35. Qxe5+ Qxe5 36. Rxe5 Rd7 37.
Kf3 Nd4+ 38. Ke4 Nf5 39. g4 Nd6+ 40. Ke3 Kg7 41. b4 Nc8 42. c5 Ne7 43. Bc4 Rb7 44. a3 Rc7 45. Re6 Nc6 46.
Ke4 Nd8 47. Rd6 Nb7 48. Rd5 Re7+ 49. Re5 Rd7 50. c6 Nd6+ 51. Kd5 Rd8 52. Re7+ Kf6 53. Re6+ 1-0

[Event "SELL Games"]
[Site "Tartu, Estonia"]
[Date "2023.05.20"]
[Round "6.8"]
[White "Vanagaite, Giedre"]
[Black "Galdikaite, Greta"]
[Result "1-0"]
[TimeControl "15min + 10sec per move each"]
[WhiteTitle "WFM"]
[WhiteFideId "12800546"]
[BlackFideId "12819956"]
[WhiteElo "1995"]
[BlackElo "1195"]

1. d4 d5 2. Nf3 Nc6 3. Bf4 Nf6 4. e3 a6 5. c4 Bf5 6. Nc3 e6 7. a3 Ne4 8. Be2
Be7 9. O-O O-O 10. Nxe4 Bxe4 11. c5 b5 12. Qd2 Nb8 13. a4 c6 14. axb5 cxb5 15.
Bxb5 Qc8 16. Bxb8 Qxb8 17. Bxa6 Qa7 18. b4 Rfb8 19. Ne5 1-0

[Event "SELL Games"]
[Site "Tartu, Estonia"]
[Date "2023.05.20"]
[Round "7.1"]
[White "Stauskas, Lukas"]
[Black "Piksis, Davids"]
[Result "1-0"]
[TimeControl "15min + 10sec per move each"]
[WhiteFideId "12808148"]
[BlackFideId "11609117"]
[WhiteElo "2296"]
[BlackElo "1770"]

1. b3 e5 2. Bb2 Nc6 3. e3 d5 4. Bb5 Bd6 5. Nf3 Qe7 6. c4 Nf6 7. c5 Bxc5 8. Nxe5 Bd7 9. Nxd7 Qxd7 10.
O-O Be7 11. Qc2 a6 12. Bxc6 Qxc6 13. Qxc6+ bxc6 14. Rc1 Kd7 15. Nc3 a5 16. Na4 Rhg8 17. Rc2 Ra6 18. Rac1 Ne4 19. d3 Ng5 20.
f3 f5 21. Kf2 h5 22. h4 Ne6 23. g3 g6 24. f4 Rf8 25. Kf3 Bf6 26. e4 Bxb2 27. Rxb2 Rb8 28. Ke3 Rb4 29. exf5 gxf5 30.
Re2 Ra8 31. Kf2 Rd4 32. Rce1 Rxa4 33. bxa4 Nc5 34. Rd2 Rb8 35. Re5 Rf8 36. Kf3 Rf7 37. Ke2 Rf8 38. Kd1 Nxa4 39. Kc2 Nc5 40. Rde2 Rf7 41. Re8 Rg7 42.
R8e3 Nb7 43. Re6 Nc5 44. Rh6 Rxg3 45. Rxh5 Nxd3 46. Rxf5 Nb4+ 47. Kb2 Nd3+ 48. Kb1 Rg4 49. h5 Nxf4 50.
Rh2 d4 51. h6 d3 52. Rxf4 Rxf4 53. h7 Rf1+ 54. Kb2 Rf8 55. h8=Q Rxh8 56. Rxh8 Kd6 57. Kc3 Kc5 58. Rh5+ Kb6 59. Kxd3 1-0

[Event "SELL Games"]
[Site "Tartu, Estonia"]
[Date "2023.05.20"]
[Round "7.2"]
[White "Vardanyan, Aras"]
[Black "Simkunaite, Gabija"]
[Result "1-0"]
[TimeControl "15min + 10sec per move each"]
[WhiteTitle "FM"]
[BlackTitle "WFM"]
[WhiteFideId "12808792"]
[BlackFideId "12808253"]
[WhiteElo "2255"]
[BlackElo "1964"]

1. c4 Nf6 2. Nc3 e6 3. e4 d6 4. d4 Be7 5. Nf3 O-O 6. Be2 Nbd7 7. O-O b6 8. Re1 Bb7 9. Bf1 h6 10.
h3 Re8 11. Qc2 e5 12. d5 Rc8 13. b4 c5 14. dxc6 Bxc6 15. Be3 Nf8 16. Rad1 Qc7 17. Qb1 Qb7 18. Nd2 Ne6 19. Nd5 Ng5 20.
Nxe7+ Rxe7 21. f3 Ne6 22. Nb3 Rd8 23. Rd2 g5 24. Red1 Bxe4 25. fxe4 Nxe4 26. Rd3 f5 27. Qc2 Kg7 28.
c5 bxc5 29. bxc5 Rc8 30. Qb2 N6xc5 31. Bxc5 dxc5 32. Qa3 c4 33. Qxe7+ Qxe7 34. Rd7 Kf6 35. Rxe7 Kxe7 36. Nc1 Nc3 37.
Rd2 Ne4 38. Rc2 Nd6 39. Rb2 Ke6 40. Kf2 e4 41. Ne2 Ke5 42. Nc3 f4 43. Ke2 h5 44. Kd2 g4 45. Rb4 f3 46. Ra4 Kd4 47.
Ra5 e3+ 48. Kc2 Rc5 49. Rxa7 Rf5 50. gxf3 gxf3 51. Rd7 Kc5 52. Rc7+ Kd4 53. Rc6 Ke5 54. Rc5+ Kf4 55. Rc6 Nf7 56.
Rxc4+ Kg3 57. Re4 Kf2 58. Nd1 Kxf1 59. Nxe3+ Kg1 60. Nxf5 f2 61. Ne3 Ng5 62. Rh4 Nf3 63. Rxh5 Kh2 64.
Ng4 1-0

[Event "SELL Games"]
[Site "Tartu, Estonia"]
[Date "2023.05.20"]
[Round "7.3"]
[White "Laurusas, Tomas"]
[Black "Sirp, Karl Aleksander"]
[Result "0-1"]
[TimeControl "15min + 10sec per move each"]
[WhiteTitle "GM"]
[WhiteFideId "12803731"]
[BlackFideId "4504712"]
[WhiteElo "2504"]
[BlackElo "2033"]

1. c4 e5 2. Nc3 Nf6 3. Nf3 Nc6 4. d4 exd4 5. Nxd4 Bc5 6. Nb3 Bb4 7. Bd2 d5 8. Nxd5 Nxd5 9. cxd5 Qxd5 10.
Bxb4 Nxb4 11. Qxd5 Nxd5 12. e4 Nb6 13. Na5 O-O 14. Bd3 Nd7 15. Rc1 c5 16. Bb5 b6 17. Nc4 Nf6 18. Bc6 Rb8 19.
e5 Ne8 20. f4 Be6 21. b3 Nc7 22. Ne3 Rfd8 23. Rd1 Kf8 24. Ke2 Rd4 25. f5 Bc8 26. g4 Ba6+ 27. Kf3 Rbd8 28. Rxd4 Rxd4 29.
Rd1 Rxd1 30. Nxd1 Ke7 31. Nc3 f6 32. Ke4 Bf1 33. h4 Bg2+ 34. Kf4 Bxc6 35. exf6+ gxf6 36. Ne2 h6 37. g5 fxg5+ 38. hxg5 hxg5+ 39. Kxg5 Nd5 40. Kg6 Nf6 41.
Nf4 Be8+ 42. Kg5 Bf7 43.
Nd3 Ne4+ 44. Kf4 Nc3 45. Nc1 Kf6 46. a3 Nb5 47. b4 c4 48. a4 Nd4 49. Ke4 Nxf5 50. Ne2 Nd6+ 51. Kd4 Nf5+ 52.
Ke4 Ne7 53. a5 Nc6 54. axb6 axb6 55. b5 Na7 56. Nc3 Nc8 57. Kd4 Ke7 58. Ke5 Nd6 59. Kd4 Kd7 60. Ke5 Kc7 61. Kd4 Nb7 62. Ne4 Na5 63. Ke5 Nb3 64. Nc3 Nc5 65. Kf6 Be6 66.
Ke5 Bg8 67. Kd4 Kd6 68. Nd1 Nb3+ 69. Kc3 Kc5 70. Ne3 Kxb5 71. Nc2 Kc5 72. Nb4 b5 73. Na6+ Kb6 74. Nb4 Nc5 75. Nc2 Ka5 76. Nd4 b4+ 77.
Kb2 Na4+ 78. Ka1 b3 79. Nc6+ Kb6 80.
Nd4 b2+ 81. Kb1 Bh7+ 82. Nc2 Bxc2+ 83. Kxc2 Kb5 0-1

[Event "SELL Games"]
[Site "Tartu, Estonia"]
[Date "2023.05.20"]
[Round "7.4"]
[White "Tvarijonas, Tomas"]
[Black "Obolonin, Filipp"]
[Result "0-1"]
[TimeControl "15min + 10sec per move each"]
[WhiteTitle "FM"]
[WhiteFideId "12805432"]
[BlackFideId "4505549"]
[WhiteElo "2181"]
[BlackElo "2017"]

1. e4 c6 2. c4 d5 3. exd5 cxd5 4. d4 e6 5.
Nc3 Nf6 6. Nf3 Be7 7. Be2 O-O 8. O-O Nc6 9. b3 b6 10. Ne5 Bb7 11. Bf3 Na5 12. Be3 Rc8 13. Rc1 dxc4 14. Bxb7 Nxb7 15. bxc4 Nd6 16. Qd3 Nd7 17. Nxd7 Qxd7 18. c5 Nf5 19.
cxb6 axb6 20. Qe4 Ba3 21. Rc2 Rc4 22. Ne2 b5 23. Qd3 Rxc2 24. Qxc2 Rc8 25. Qd3 Nxe3 26. fxe3 Be7 27. h3 h6 28.
Qb3 b4 29. Rd1 Ra8 30. Qc4 Ra3 31. e4 Qa7 32. Nc1 e5 33. Qc8+ Bf8 34. Nb3 exd4 35. Kh1 Rxa2 36. Nxd4 Ra1 37.
Qc2 Qxd4 0-1

[Event "SELL Games"]
[Site "Tartu, Estonia"]
[Date "2023.05.20"]
[Round "7.5"]
[White "Vaskevicius, Augustas"]
[Black "Bekasovs, Rihards"]
[Result "1-0"]
[TimeControl "15min + 10sec per move each"]
[WhiteFideId "12808008"]
[BlackFideId "11606029"]
[WhiteElo "1904"]
[BlackElo "2107"]

1. Nf3 Nf6 2. e3 g6 3. b3 Bg7 4. Bb2 b6 5. d4 Bb7 6. Bd3 O-O 7. O-O c5 8. Nbd2 Nc6 9. c4 cxd4 10.
Nxd4 d6 11. Rc1 a6 12. Qe2 Qd7 13. Rfd1 Rfb8 14. N2f3 Nxd4 15. exd4 Nh5 16. Qe3 Qg4 17. h3 Qf4 18. Re1 Bxf3 19.
Qxf3 Qxf3 20. gxf3 Kf8 21. Rc2 Nf4 22. Bf1 a5 23. Re4 g5 24. h4 h6 25. hxg5 hxg5 26. Bc1 Ne6 27. Be3 Ra7 28.
Bh3 Nf4 29. Bxf4 gxf4 30. Rxf4 a4 31. Kg2 axb3 32. axb3 Ra3 33. c5 bxc5 34. dxc5 dxc5 35. Rxc5 Raxb3 36. Be6 Bf6 37. Bxb3 Rxb3 38. Rc8+ Kg7 39. Rg4+ Kh6 40. Rc1 Rb5 41. Rh1+ Rh5 42. Rxh5+ Kxh5 43. Kg3 Kh6 44. Kf4 Bd4 45. Rg2 Bb6 46. Ke4 e6 47. Ke5 Kh5 48. Kf6 Bd4+ 49. Kxf7 e5 50.
Ke6 Kh4 51. Kd5 Kh3 52. Rg4 1-0

[Event "SELL Games"]
[Site "Tartu, Estonia"]
[Date "2023.05.20"]
[Round "7.6"]
[White "Vanagas, Tadas"]
[Black "Perminaite, Guoda"]
[Result "1/2-1/2"]
[TimeControl "15min + 10sec per move each"]
[WhiteFideId "12805467"]
[BlackFideId "12808784"]
[WhiteElo "2225"]
[BlackElo "1725"]

1. e4 e5 2. Nf3 Nc6 3.
Bb5 a6 4. Ba4 d6 5. c3 Nge7 6. h3 Bd7 7. d4 Ng6 8.
Be3 Be7 9. Nbd2 h6 10. Nf1 Bg5 11. Nxg5 hxg5 12. d5 Nb8 13. Bxd7+ Nxd7 14. Qg4 Rh4 15. Qxg5 Qxg5 16. Bxg5 Rxe4+ 17. Kd2 Nf4 18. Ne3 f6 19. Bxf4 exf4 20. Ng4 Kf7 21. b3 Rae8 22. Rhe1 Nc5 23. Rxe4 Nxe4+ 24. Kc2 f5 25. Nh2 Nxf2 26.
b4 Re2+ 27. Kb3 b5 28. a4 Nd3 29. axb5 axb5 30. c4 bxc4+ 31. Kxc4 Ne5+ 32. Kb5 Rxg2 33. Nf1 Rc2 34. Rd1 g5 35. Nd2 f3 36. Nb3 f2 37.
Nd4 Kf6 38. Nxc2 g4 39. hxg4 fxg4 40. Ne3 Kg5 41. Ka6 Kf4 42. Nxg4 Nxg4 43. Kb7 Ne3 44. Rc1 Nxd5 45. b5 Nc3 46.
Kxc7 Nxb5+ 47. Kc6 Nd4+ 1/2-1/2

[Event "SELL Games"]
[Site "Tartu, Estonia"]
[Date "2023.05.20"]
[Round "7.7"]
[White "Maciuityte, Greta"]
[Black "Vanagaite, Giedre"]
[Result "1/2-1/2"]
[TimeControl "15min + 10sec per move each"]
[BlackTitle "WFM"]
[WhiteFideId "12806765"]
[BlackFideId "12800546"]
[WhiteElo "1715"]
[BlackElo "1995"]

1. e4 c5 2. d4 cxd4 3. c3 d3 4. c4 Nf6 5. Bxd3 Nc6 6. Nf3 e6 7. Nc3 a6 8. O-O Qc7 9. Bg5 Be7 10.
Rc1 Ne5 11. Nxe5 Qxe5 12. f4 Qd4+ 13. Kh1 d6 14. Qe2 h5 15. h3 h4 16. Qf3 Nh5 17. Ne2 Qxb2 18. Rc2 Qa3 19. c5 dxc5 20.
Bxe7 Kxe7 21. f5 e5 22. Rb1 Rb8 23. Rb3 Qa5 24. Rbc3 b6 25. Qg4 Nf6 26. Qxg7 Bxf5 27. Qg5 Be6 28. Qxe5 Rbd8 29. Nf4 Rhg8 30.
Nxe6 fxe6 31. Bc4 Rd6 32. Rf2 Nd7 33. Rf7+ Kxf7 34.
Qxd6 Qxc3 35. Qxe6+ Kg7 36. Qxg8+ Kh6 37. Qe6+ Kg5 38. Qg4+ Kf6 39. Qxh4+ Ke5 40. Qh8+ Nf6 41. Bxa6 Qa1+ 42. Kh2 Qxa2 43. Qb8+ Kxe4 44.
Qxb6 Qf2 45. Bb7+ Kd4 46. Qd6+ Kc4 47. Qa6+ Kd4 48. Qa4+ Ke5 49. Qa1+ Kd6 50. Qa6+ Ke5 51. Qa1+ Kd6 52.
Bf3 Qh4 53. Qa6+ Ke5 54. Qe2+ Kd6 55. Qd2+ Ke6 56. Qe3+ Kd6 57.
Qd3+ Ke5 58. Qc3+ Kd6 59. Qd2+ Ke5 60. g3 Qd4 61. Qe2+ 1/2-1/2

[Event "SELL Games"]
[Site "Tartu, Estonia"]
[Date "2023.05.20"]
[Round "7.8"]
[White "Galdikaite, Greta"]
[Black "Mikelsons, Mikelis-Emils"]
[Result "0-1"]
[TimeControl "15min + 10sec per move each"]
[WhiteFideId "12819956"]
[BlackFideId "11607475"]
[WhiteElo "1195"]
[BlackElo "1877"]

1. e4 e5 2. Nf3 Nc6 3. Bb5 f5 4. d3 fxe4 5. dxe4 Nf6 6. Nc3 Bb4 7. O-O
Bxc3 8. bxc3 d6 9. Re1 O-O 10. Bc4+ Kh8 11. h3 Nh5 12. Ng5 Qe8 13. Qd5 Nd8 14. Be3 h6 15. Nf3 Rxf3 16. gxf3 Bxh3 17. Kh2 Ne6 18. Qd2 Nhf4 19. Bxe6 Qh5 20.
Bxf4 Bxe6+ 21. Kg1 Bh3 22. Qe2 exf4 23. Kh2 0-1

[Event "SELL Games"]
[Site "Tartu, Estonia"]
[Date "2023.05.20"]
[Round "8.1"]
[White "Stauskas, Lukas"]
[Black "Vaskevicius, Augustas"]
[Result "1-0"]
[TimeControl "15min + 10sec per move each"]
[WhiteFideId "12808148"]
[BlackFideId "12808008"]
[WhiteElo "2296"]
[BlackElo "1904"]

1. d4 d5 2. Nf3 Nf6 3. c4 dxc4 4. Nc3 a6 5. e4 e6 6. Bxc4 b5 7. Bd3 Be7 8. O-O Bb7 9. Qe2 Nbd7 10. Rd1 O-O 11. a3 Re8 12.
h3 c5 13. dxc5 Bxc5 14. e5 Nd5 15. Ne4 Be7 16. Neg5 Nf8 17. Bb1 Qb6 18. h4 Red8 19. h5 Rac8 20. h6 gxh6 21. Ne4 Ng6 22.
Bxh6 Ndf4 23. Rxd8+ Qxd8 24. Bxf4 Nxf4 25. Qe3 Qd1+ 26. Kh2 Ng6 27. Nf6+ Kg7 28. Nh5+ Kf8 29. Qh6+ Ke8 30. Ng7+ Kd7 31.
Bxg6 Qxa1 32. Bxf7 Rc1 33. Qxe6+ Kd8 34. Qb6+ Kc8 35. Be6+ Kb8 36. Bd5 Rc7 37. Ne6 Rd7 38. Bc6 Qd1 39.
Bxd7 Qxd7 40. Nc5 Bxc5 41. Qxc5 Bxf3 42. gxf3 Qf5 43. Qb6+ Kc8 44. Qxa6+ Kc7 45. Qf6 Qh5+ 46. Kg2 1-0

[Event "SELL Games"]
[Site "Tartu, Estonia"]
[Date "2023.05.20"]
[Round "8.2"]
[White "Vardanyan, Aras"]
[Black "Vanagas, Tadas"]
[Result "1-0"]
[TimeControl "15min + 10sec per move each"]
[WhiteTitle "FM"]
[WhiteFideId "12808792"]
[BlackFideId "12805467"]
[WhiteElo "2255"]
[BlackElo "2225"]

1. e4 c5 2. Nc3 d6 3. d4 cxd4 4. Qxd4 a6 5. b3 Nc6 6. Qd2 Nf6 7. Bb2 e6 8. O-O-O Be7 9. f4 b5 10. Bd3 Qc7 11. Nf3 b4 12. Na4 e5 13. Kb1 O-O 14. f5 Bd7 15. g4 d5 16.
exd5 e4 17. g5 e3 18. Qxe3 Nxd5 19. Qe4 Nf4 20. f6 1-0

[Event "SELL Games"]
[Site "Tartu, Estonia"]
[Date "2023.05.20"]
[Round "8.3"]
[White "Sirp, Karl Aleksander"]
[Black "Tvarijonas, Tomas"]
[Result "1/2-1/2"]
[TimeControl "15min + 10sec per move each"]
[BlackTitle "FM"]
[WhiteFideId "4504712"]
[BlackFideId "12805432"]
[WhiteElo "2033"]
[BlackElo "2181"]

1. d4 d5 2. Bf4 Nf6 3. Nf3 Bf5 4.
e3 e6 5.
c4 c6 6.
Qb3 Qc8 7. Nc3 Be7 8. Be2 O-O 9. Ne5 dxc4 10. Nxc4 Rd8 11. Bf3 Na6 12. O-O Nb4 13. e4 Bg6 14. Rfd1 b5 15. Ne5 a5 16.
a4 Qb7 17. Nxg6 hxg6 18. d5 bxa4 19. Rxa4 cxd5 20. exd5 exd5 21. h3 Qb6 22. Be5 Bc5 23. Rd2 Qe6 24. Re2 Qf5 25. Ra1 Re8 26.
Nxd5 Nfxd5 27. Bxd5 Rad8 28. g4 Qd7 29. Bc4 Qa7 30. Rf1 Re7 31. Bg3 Rxe2 32. Bxe2 a4 33. Qc4 Rd4 34. Qb5 Qb6 35. Qe8+ Bf8 36. Rc1 Qd8 37.
Qxa4 Nd3 38. Rc8 Qxc8 39. Qxd4 Nc5 40. Bc4 Qb7 41. Qd5 Qe7 42. b4 Ne4 43. Bf4 Nf6 44. Qb5 Qe1+ 45. Bf1 Bxb4 46. Qe2 Qc3 47. Bg5 Qc6 48. Bg2 Qd6 49. Bxf6 gxf6 50.
Bf3 Bc5 51. Kg2 Kg7 52. Be4 Qf4 53.
Qf3 Qd2 54. Bd5 Bxf2 55. Qxf2 Qxd5+ 56. Kg3 Qe5+ 57. Kg2 Qe4+ 58. Kg3 g5 59. Qa2 Kg6 60. Qa6 Qe1+ 61. Kg2 Qe3 62. Qc8 Kg7 63.
Qa8 Qd2+ 64. Kg3 f5 65. Qa1+ Kg6 66. Qa6+ f6 67. gxf5+ Kxf5 68. Qc8+ Ke5 69. Qe8+ Kf5 70. Qc8+ Kg6 71. Qg8+ Kh6 72. Qh8+ Kg6 73. Qg8+ Kf5 74. Qc8+ Ke5 75.
Qe8+ Kf5 1/2-1/2

[Event "SELL Games"]
[Site "Tartu, Estonia"]
[Date "2023.05.20"]
[Round "8.4"]
[White "Simkunaite, Gabija"]
[Black "Obolonin, Filipp"]
[Result "1/2-1/2"]
[TimeControl "15min + 10sec per move each"]
[WhiteTitle "WFM"]
[WhiteFideId "12808253"]
[BlackFideId "4505549"]
[WhiteElo "1964"]
[BlackElo "2017"]

1. e4 c6 2. d4 d5 3. exd5 cxd5 4. Bd3 Nf6 5. c3 g6 6. Bf4 Bg7 7. Ne2 O-O 8.
O-O b6 9. Nd2 Ba6 10. Nf3 Bxd3 11. Qxd3 Nbd7 12. Ne5 Nh5 13. Nc6 Qe8 14. Bg5 Ndf6 15. Ne5 Nd7 16. Nc6 Ndf6 17. Ne5 Nd7 18.
Nc6 Ndf6 1/2-1/2

[Event "SELL Games"]
[Site "Tartu, Estonia"]
[Date "2023.05.20"]
[Round "8.5"]
[White "Laurusas, Tomas"]
[Black "Sibajeva, Marija"]
[Result "1-0"]
[TimeControl "15min + 10sec per move each"]
[WhiteTitle "GM"]
[BlackTitle "WFM"]
[WhiteFideId "12803731"]
[BlackFideId "12807583"]
[WhiteElo "2504"]
[BlackElo "1953"]

1. c4 c5 2. Nf3 Nc6 3. d4 cxd4 4. Nxd4 Nf6 5. Nc3 g6 6. e4 Bg7 7. Nb3 d6 8. Be2 O-O 9.
Be3 Be6 10. h3 Rc8 11. Nd2 Nd7 12. Rc1 Nce5 13. b3 Qa5 14. Qc2 Nc6 15. O-O Nd4 16. Qd1 Nxe2+ 17. Nxe2 f5 18. exf5 Bxf5 19.
Nd4 Bd3 20. Re1 Nc5 21. N2f3 e5 22. Nb5 e4 23. Nfd4 d5 24. a3 Qa6 25. b4 Bxc4 26. Rxc4 dxc4 27. bxc5 Rxc5 28. a4 Rd5 29.
Qc2 Qa5 30. Rd1 Rfd8 31. Qxc4 Kh8 32.
Rf1 R8d7 33. Ne6 Bf6 34. Qc8+ Bd8 1-0

[Event "SELL Games"]
[Site "Tartu, Estonia"]
[Date "2023.05.20"]
[Round "8.6"]
[White "Vanagaite, Giedre"]
[Black "Mikelsons, Mikelis-Emils"]
[Result "1-0"]
[TimeControl "15min + 10sec per move each"]
[WhiteTitle "WFM"]
[WhiteFideId "12800546"]
[BlackFideId "11607475"]
[WhiteElo "1995"]
[BlackElo "1877"]

1. d4 d5 2. Nf3 Nf6 3.
c4 e6 4.
Nc3 Bb4 5. Bg5 h6 6. Bh4 g5 7. Bg3 Ne4 8. Qc2 Nc6 9. e3 h5 10. h4 Nxg3 11.
fxg3 Qd6 12. Nxg5 Qxg3+ 13. Qf2 Qxf2+ 14. Kxf2 Bxc3 15. bxc3 f6 16. Nf3 Bd7 17. Be2 dxc4 18. Bxc4 O-O-O 19. Rab1 Na5 20. Bd3 Bc6 21. e4 Rhg8 22. g3 Rg4 23.
Rbe1 Rdg8 24. Rhg1 R4g7 25. Re3 Rf8 26. Kg2 a6 27. Kh2 b5 28.
Nd2 Nb7 29. Rf1 Nd6 30. e5 Ne8 31. exf6 Nxf6 32. Rxe6 Ng4+ 33. Kg1 Rxf1+ 34. Nxf1 Kb7 35. Be4 Bxe4 36. Rxe4 Kc6 37. Re6+ Kd5 38. Rxa6 c6 39. a4 Rb7 40. axb5 Rxb5 41. Ra1 Kc4 42.
Nh2 Nxh2 43. Kxh2 Kxc3 44. Rc1+ Kxd4 45. Rxc6 Ke4 46. Rf6 Rb2+ 47. Kh3 Rb5 48. Rf4+ Ke5 49. Rf8 Ke4 50. Rg8 Ra5 51.
Rf8 Ra2 52. Re8+ Kf5 53. Rh8 Kg6 54. Rg8+ Kh6 55. Rg5 Rb2 56. Rc5 Ra2 57. Rc6+ Kg7 58. Rb6 Rc2 59. Rb3 Kg6 60. Rf3 Ra2 61. Rf1 Rb2 62. Rg1 Ra2 63. Rg2 Ra3 64.
Kh2 Ra1 65. Rf2 Rb1 66. Kg2 Rb3 67. Rc2 Ra3 68. Kf2 Rb3 69. Rc6+ Kf5 70. Rh6 Rb2+ 71. Kf3 Rb3+ 72. Kg2 Kg4 73.
Rg6+ Kf5 74. Rg5+ Ke4 75. Rxh5 Rb2+ 76. Kh3 Rb3 77.
Kg4 Rc3 78. Rh8 Kd5 1-0

[Event "SELL Games"]
[Site "Tartu, Estonia"]
[Date "2023.05.20"]
[Round "8.7"]
[White "Maciuityte, Greta"]
[Black "Bekasovs, Rihards"]
[Result "0-1"]
[TimeControl "15min + 10sec per move each"]
[WhiteFideId "12806765"]
[BlackFideId "11606029"]
[WhiteElo "1715"]
[BlackElo "2107"]

1. e4 c6 2. d4 d5 3. e5 Bf5 4. c3 e6 5. Nf3 h6 6. Bd3 Bxd3 7. Qxd3 Qa5 8. O-O Qa6 9. Qc2 Nd7 10.
Nbd2 Ne7 11. Nh4 g5 12. Nhf3 Bg7 13. h3 c5 14. Nb3 Rc8 15. Be3 Nf5 16. Rfe1 cxd4 17. Bxd4 Nxd4 18. Nbxd4 O-O 19.
Qd2 Qa5 20. Qe3 a6 21. Re2 b5 22. a3 Qb6 23. Rae1 a5 24. b4 Rb8 25. Qd3 Rfc8 26. Rb1 a4 27. Rc1 Qa6 28. Ree1 Nb6 29.
Qxb5 Qxb5 30. Nxb5 Nc4 31. Nfd4 Bxe5 32. Ra1 Bf6 33. Re2 e5 34. Na7 exd4 35. Nxc8 Rxc8 36. cxd4 Kf8 37. Rc1 Re8 38.
Rxe8+ Kxe8 39. Rd1 Nxa3 40. Ra1 Nb5 41. Rxa4 Nxd4 42. Ra5 Ne2+ 43. Kf1 Nc3 44. Rc5 Kd7 45. b5 Bd4 46. Rc6 f6 47. Ra6 Nxb5 48. f3 Nc7 49. Ra4 Bc5 50. Ke2 Ne6 51.
Ra6 h5 52. g3 Nd4+ 53. Kd3 Nc6 54. Ra1 Bd6 55. g4 h4 56. Rd1 Bc5 57. Rc1 Kd6 58. Ra1 Bd4 59. Ra6 Be5 60. Ra4 Kc5 61.
Ra8 Nb4+ 62. Kd2 Bf4+ 63. Ke2 d4 64. Rc8+ Kd5 65. Rd8+ Kc4 66. Rc8+ Kb3 67. Rc5 d3+ 68. Kd1 Na2 69.
Rc8 Nc3+ 0-1

[Event "SELL Games"]
[Site "Tartu, Estonia"]
[Date "2023.05.20"]
[Round "8.8"]
[White "Perminaite, Guoda"]
[Black "Galdikaite, Greta"]
[Result "1-0"]
[TimeControl "15min + 10sec per move each"]
[WhiteFideId "12808784"]
[BlackFideId "12819956"]
[WhiteElo "1725"]
[BlackElo "1195"]

1. e4 e5 2. Nf3 Nc6 3. Bb5 d6 4. c3 Nf6 5. d3 Bg4 6.
O-O a6 7. Ba4 Be7 8. Re1 O-O 9. Nbd2 Nh5 10. h3 Bd7 11. Nf1 Nf6 12. Ng3 h6 13. Be3 b5 14. Bb3 Qc8 15. d4 Na5 16.
Bc2 Nc4 17. b3 Nxe3 18. Rxe3 exd4 19. cxd4 c6 20. Qd3 Nh7 21. e5 g6 22. Rae1 Be6 23. exd6 Bxd6 24. Rxe6 Qd7 25. R6e2 Nf6 26.
Ne5 Bxe5 27. dxe5 Qxd3 28. Bxd3 Nd5 29. Be4 Rad8 30. Bxd5 Rxd5 31. e6 fxe6 32. Rxe6 Rc5 33. Rxg6+ 1-0

[Event "SELL Games"]
[Site "Tartu, Estonia"]
[Date "2023.05.20"]
[Round "9.1"]
[White "Bekasovs, Rihards"]
[Black "Stauskas, Lukas"]
[Result "0-1"]
[TimeControl "15min + 10sec per move each"]
[WhiteFideId "11606029"]
[BlackFideId "12808148"]
[WhiteElo "2107"]
[BlackElo "2296"]

1. Nf3 d5 2. e3 c5 3. c4 d4 4. exd4 cxd4 5. d3 Nc6 6. g3 e5 7. Bg2 Bd6 8. O-O Nge7 9. Na3 O-O 10.
Nc2 a5 11. Rb1 Bf5 12. Re1 Ng6 13. Ng5 Be7 14. Ne4 Bc8 15. a3 f5 16. Nd2 e4 17. dxe4 f4 18. b4 d3 19. Na1 axb4 20. axb4 fxg3 21. hxg3 Bxb4 22.
Nab3 Nge5 23. Bb2 Bg4 24. Qc1 Nf3+ 25. Bxf3 Bxf3 26. Nxf3 Bxe1 27. Nxe1 Qb6 28. Nxd3 Qxb3 29. Nc5 Qf3 30. Qc2 Nb4 31. Qd2 Rad8 32. Qe1 Nc2 33. Qf1 Ne3 34.
fxe3 Qxe3+ 0-1

[Event "SELL Games"]
[Site "Tartu, Estonia"]
[Date "2023.05.20"]
[Round "9.2"]
[White "Piksis, Davids"]
[Black "Vardanyan, Aras"]
[Result "0-1"]
[TimeControl "15min + 10sec per move each"]
[BlackTitle "FM"]
[WhiteFideId "11609117"]
[BlackFideId "12808792"]
[WhiteElo "1770"]
[BlackElo "2255"]

1. e4 c5 2. Nf3 d6 3. Bb5+ Nd7 4. d4 cxd4 5. Nxd4 Ngf6 6.
Nc3 g6 7. O-O Bg7 8. a4 O-O 9. Bxd7 Bxd7 10. a5 a6 11. Re1 Rc8 12. Ra3 e6 13. Re3 Qc7 14. Rd3 Rfd8 15. Bg5 h6 16.
Bh4 Be8 17. f4 Qb8 18. Qe2 e5 19. Bxf6 Bxf6 20. Nd5 Bg7 21. Ne7+ Kf8 22. Nxc8 Rxc8 23. fxe5 dxe5 24. Nf3 Bb5 25.
Qd2 Bxd3 26. Rxd3 Qc7 27. Rc3 Qb8 28. Rd3 Kg8 29. h3 Qa7+ 30. Kh2 Qc5 31. Rd7 Qc6 32. c3 Qxe4 33. Rxf7 Kxf7 34. Qd7+ Kg8 35. Qxc8+ Kh7 36. Qg4 Qd5 37. Nh4 Qc6 38. Qf3 e4 39. Qe3 Qd5 40. g3 Be5 41. Ng2 g5 42. Qe2 Kg6 43. Ne3 Qd3 44. Qf2 Qd7 45.
Qe2 h5 46. Kg2 Bc7 47. Nc4 Qd5 48. Ne3 Qe5 49. Qf2 h4 50. gxh4 Qh2+ 51. Kf1 Qxh3+ 52. Ke2 gxh4 53. Qf8 Qe6 54.
Qh8 h3 55. Nf1 Qg4+ 56. Ke1 Bg3+ 57. Kd2 Qf4+ 58. Ne3 Qf2+ 59. Kd1 Qxe3 60. Qg8+ Kh5 61. Qf7+ Kg4 62. Qe6+ Kf3 63. Qxh3 Qg1+ 0-1

[Event "SELL Games"]
[Site "Tartu, Estonia"]
[Date "2023.05.20"]
[Round "9.3"]
[White "Sirp, Karl Aleksander"]
[Black "Perminaite, Guoda"]
[Result "0-1"]
[TimeControl "15min + 10sec per move each"]
[WhiteFideId "4504712"]
[BlackFideId "12808784"]
[WhiteElo "2033"]
[BlackElo "1725"]

1. d4 d5 2. Bf4 Nf6 3. Nf3 e6 4. e3 c5 5. c3 Bd6 6. Ne5 Qc7 7. Nd2 O-O 8.
Bd3 Nc6 9. Ndf3 b6 10. g4 Bb7 11. h4 Ne7 12. h5 Ne4 13. g5 f6 14. gxf6 Nxf6 15. Ng5 Bc8 16. Rg1 Nf5 17. Qc2 Nxh5 18.
O-O-O cxd4 19. Rh1 Nxf4 20. exf4 dxc3 21. bxc3 Bxe5 22. fxe5 h6 23. Nf3 Bb7 24. Rh3 Rac8 25. Kb2 d4 26. Nxd4 Nxd4 27. cxd4 Qxc2+ 28. Bxc2 Rxf2 29. Rc3 Rxc3 30. Kxc3 Bd5 31. a4 g5 32. a5 bxa5 33.
Rb1 g4 34. Rb8+ Kg7 35. Rd8 g3 36. Rd7+ Rf7 0-1

[Event "SELL Games"]
[Site "Tartu, Estonia"]
[Date "2023.05.20"]
[Round "9.4"]
[White "Obolonin, Filipp"]
[Black "Laurusas, Tomas"]
[Result "0-1"]
[TimeControl "15min + 10sec per move each"]
[BlackTitle "GM"]
[WhiteFideId "4505549"]
[BlackFideId "12803731"]
[WhiteElo "2017"]
[BlackElo "2504"]

1. d4 Nf6 2. Nf3 d5 3.
g3 Bf5 4. Bg2 e6 5. O-O Be7 6. c4 c6 7.
Nc3 O-O 8. Nd2 Nbd7 9. e4 dxe4 10. Ndxe4 Nxe4 11. Nxe4 Nf6 12. Nc3 Qb6 13. c5 Qd8 14. h3 Re8 15.
Be3 Nd5 16. Nxd5 exd5 17. Qb3 Qd7 18.
g4 Bg6 19. f4 Be4 20. f5 Bh4 21. Bf2 Bf6 22.
Rfe1 Re7 23. Re2 Bxg2 24. Rxe7 Qxe7 25. Kxg2 Bxd4 26. Re1 Be5 27. Bh4 f6 28. g5 Qf7 29. gxf6 gxf6 30. Kh1 Kh8 31.
Qc2 Rg8 32. Qe2 d4 0-1